 Dungeon Crawl Stone Soup version 0.30-a0-777-ga9a30cbeda (webtiles) character file.

Game seed: 2549388303272928445

30 sanka the Insei (level 3, 0/30 HPs)
             Began as a Merfolk Monk on Feb 14, 2023.
             Slain by Terence
             ... wielding a +0 mace
              (9 damage)
             ... on level 2 of the Dungeon.
             The game lasted 00:01:31 (957 turns).

sanka the Insei (Merfolk Monk)                       Turns: 957, Time: 00:01:32

Health: 0/30       AC:  2    Str: 11    XL:     3   Next: 18%
Magic:  3/3        EV: 15    Int:  9    God:
Gold:   86         SH:  0    Dex: 24    Spells: 2/2 levels left

rFire   . . .      SeeInvis .      - Unarmed
rCold   . . .      Faith    .    (no shield)
rNeg    . . .      Spirit   .    a - +0 robe
rPois   .          Reflect  .    (no helmet)
rElec   .          Harm     .    (no cloak)
rCorr   .          Rampage  .    (no gloves)
Will    .....                    (no boots)
Stlth   +++                      (no amulet)
HPRegen 0.25/turn                (no ring)
MPRegen 0.08/turn                i - +6 ring of dexterity

@: no status effects
A: (nimble swimmer 2), mertail
a: no special abilities


You were on level 2 of the Dungeon.
You visited 1 branch of the dungeon, and saw 2 of its levels.

You collected 86 gold pieces.


Innate Abilities, Weirdness & Mutations

((You are very nimble when in or above water. (Stealth+, EV+, Speed+++)))
Your lower body shifts to a powerful aquatic tail in water.


   Skills:
 - Level 4.0 Fighting
 - Level 4.0 Dodging
 - Level 2.1 Stealth
 + Level 4.1 Unarmed Combat


You had 2 spell levels left.
You didn't know any spells.
Your spell library contained the following spells:

 Spells                   Type           Power      Damage    Failure   Level
 Summon Small Mammal      Summ           0%         N/A       38%         1
 Call Canine Familiar     Summ           0%         N/A       77%         3
 Summon Guardian Golem    Hex/Summ       0%         N/A       77%         3

Inventory:

Armour
 a - a +0 robe (worn)
 e - a +1 helmet
Magical Staves
 g - a staff of cold
Jewellery
 i - a +6 ring of dexterity (right hand)
Scrolls
 f - a scroll of amnesia {unknown}
Potions
 b - 2 potions of ambrosia
 c - a potion of haste {unknown}
 d - 2 potions of curing {unknown}
 h - a potion of flight {unknown}

Dungeon Overview and Level Annotations

Branches:
Dungeon (2/15)

Altars:

Annotations:
D:2 Terence

.........)▒
▒▒..▒▒▒▒▒.....▒..▒
.....†....▒
▒......▒▒.▒▒▒▒▒▒.▒
▒.....<..▒▒▒▒▒▒▒....)....▒
.▒
▒▒....).▒▒.............▒▒▒
.▒ ▒▒▒▒......▒.......▒▒▒▒▒
...................
........).......▒▒▒▒
▒................▒
▒.............m..▒
▒.............@..▒
.....!......▒
............▒
...........▒▒ ..▒▒.....▒▒
▒▒▒▒▒▒▒


You could see Terence.


Message History

Terence the Incautious comes into view.
He is wielding a +0 mace.
You barely miss Terence. Terence hits you with a +0 mace.
You hit Terence.
Terence is moderately wounded.
Terence shouts, "Now you die!" Terence barely misses you.
You hit Terence.
Terence is heavily wounded.
Terence misses you.
You barely miss Terence.
Terence is heavily wounded.
Terence hits you with a +0 mace!
You hit Terence but do no damage.
Terence is heavily wounded.
Terence closely misses you.
You hit Terence.
Terence is severely wounded.
Terence closely misses you.
You hit Terence.
Terence is almost dead.
Terence closely misses you.
You hit Terence but do no damage.
Terence is almost dead.
Terence hits you with a +0 mace!
* * * LOW HITPOINT WARNING * * *
You closely miss Terence.
Terence is almost dead.
Terence hits you with a +0 mace!
You die...

Action                     || total
---------------------------++-------
  Melee: Unarmed           ||    97
   Stab: Sleeping          ||     2
 Armour: Robe              ||    15
  Dodge: Dodged            ||    52

Levels and vault maps discovered:
D:1:      lightli_arrival_noodles, layout_rooms, serial_bayou,
          serial_bayou_pond_e, serial_bayou_shore_b, serial_bayou_pond_c,
          serial_bayou_lagoon_a, serial_bayou_pond_b, minivault_27,
          minmay_statues_item
D:2:      layout_rooms, uniq_terence

Notes
Turn   | Place    | Note
-------+----------+-------------------------------------------
     0 | D:1      | sanka the Merfolk Monk began the quest for the Orb.
     0 | D:1      | Reached XP level 1. HP: 18/18 MP: 1/1
   230 | D:1      | Reached XP level 2. HP: 15/25 MP: 2/2
   234 | D:1      | Reached skill level 4 in Fighting
   851 | D:2      | Reached XP level 3. HP: 30/30 MP: 3/3
   852 | D:2      | Reached skill level 4 in Unarmed Combat
   945 | D:2      | Noticed Terence
   957 | D:2      | Slain by Terence

Vanquished Creatures
  2 endoplasms
  3 giant cockroaches
  5 goblins
  A quokka (D:1)
  4 ball pythons (D:1)
  2 bats
  A frilled lizard (D:1)
  4 kobolds
  4 rats (D:1)
26 creatures vanquished.

Vanquished Creatures (others)
  A plant (D:1)
1 creature vanquished.

Grand Total: 27 creatures vanquished
